 Dungeon Crawl Stone Soup version 0.22-a0-412-g2b68d14 (webtiles) character file.

56816 George the Carver (level 14, -6/127 HPs)
             Began as a Minotaur Fighter on May 12, 2018.
             Was the Champion of the Shining One.
             Mangled by Rupert
             ... wielding a +3 battleaxe of draining
              (27 damage)
             ... on level 6 of the Lair of Beasts.
             The game lasted 00:39:48 (16430 turns).

George the Carver (Minotaur Fighter)               Turns: 16430, Time: 00:39:49

Health: -6/127     AC: 18    Str: 29    XL:     14   Next: 43%
Magic:  20/20      EV: 17    Int:  5    God:    the Shining One [******]
Gold:   647        SH: 35    Dex: 16    Spells: 13/13 levels left

rFire    . . .     SeeInvis .   C - +0 scimitar (flame)
rCold    . . .     Gourm    .   Q - +0 large shield
rNeg     + + +     Faith    .   a - +0 shadow dragon scales
rPois    .         Spirit   .   R - +0 hat {MR+}
rElec    .         Reflect  +   (no cloak)
rCorr    .         Harm     .   K - +0 pair of gloves
MR       ++...                  S - +0 pair of boots
Stlth    +.........             k - +4 amulet of reflection
HPRegen  0.31/turn              m - +3 ring of evasion
MPRegen  0.17/turn              w - +4 ring of dexterity

@: mighty, divine shield, glowing
A: retaliatory headbutt, horns 2
a: Divine Shield, Cleansing Flame, Summon Divine Warrior, Brand Weapon With Holy
Wrath, Renounce Religion


You were on level 6 of the Lair of Beasts.
You worshipped the Shining One.
The Shining One was exalted by your worship.
You were not hungry.

You visited 2 branches of the dungeon, and saw 18 of its levels.
You also visited: Ice Cave.

You collected 1214 gold pieces.
You spent 567 gold pieces at shops.

Inventory:

Hand Weapons
 e - a +2 falchion of holy wrath
 C - a +0 scimitar of flaming (weapon)
Armour
 a - +0 shadow dragon scales (worn)
 q - a +2 chain mail of cold resistance
 K - a +0 pair of gloves (worn)
 Q - a +0 large shield (worn)
 R - a +0 hat of magic resistance (worn)
 S - a +0 pair of boots (worn)
Jewellery
 k - a +4 amulet of reflection (around neck)
 m - a +3 ring of evasion (left hand)
 n - an uncursed ring of fire
 p - an uncursed ring of ice
 w - a +4 ring of dexterity (right hand)
 F - an uncursed ring of resist corrosion
Wands
 c - a wand of flame (51)
 y - a wand of iceblast (4)
 J - a wand of acid (9)
 L - a wand of enslavement (9)
 O - a wand of polymorph (33)
 P - a wand of disintegration (8)
Scrolls
 b - 5 scrolls of enchant weapon
 g - 2 scrolls of brand weapon
 h - 5 scrolls of teleportation
 r - 5 scrolls of blinking
 u - 2 scrolls of immolation
 x - 2 scrolls of remove curse
 E - 6 scrolls of fear
 H - 3 scrolls of summoning
 I - 4 scrolls of fog
 M - 3 scrolls of enchant armour
 N - 2 scrolls of acquirement
Potions
 d - 4 potions of might
 i - 4 potions of agility
 j - 2 potions of lignification {unknown}
 l - 12 potions of curing
 o - 2 potions of mutation {unknown}
 s - 7 potions of brilliance {unknown}
 t - a potion of magic {unknown}
 v - a potion of experience {unknown}
 z - 6 potions of heal wounds
 A - 2 potions of ambrosia {unknown}
 B - 3 potions of haste {unknown}
 D - 3 potions of flight {unknown}
 G - 2 potions of cancellation {unknown}
Comestibles
 f - 25 rations
 T - 10 chunks of flesh


   Skills:
 + Level 12.7 Fighting
 + Level 13.6 Long Blades
 + Level 12.6 Armour
 + Level 11.2 Dodging
 + Level 12.5 Shields
 + Level 10.4 Invocations


You had 13 spell levels left.
You didn't know any spells.
Your spell library contained the following spells:

 Spells                   Type           Power        Failure   Level  Hunger
 Cause Fear               Hex            #.........   100%        4    #####..
 Magic Dart               Conj           #...         100%        1    ##.....
 Apportation              Tloc           #.....       100%        1    ##.....
 Conjure Flame            Conj/Fire      #.......     100%        3    ####...
 Slow                     Hex            #.......     100%        2    ###....
 Confuse                  Hex            #.......     100%        3    ####...
 Invisibility             Hex            #.......     100%        6    #######
 Mephitic Cloud           Conj/Pois/Air  #.......     100%        3    ####...
 Summon Small Mammal      Summ           #...         100%        1    ##.....
 Blink                    Tloc           N/A          100%        2    ###....
 Iskenderun's Mystic Bla  Conj           #.......     100%        4    #####..
 Animate Skeleton         Necr           N/A          100%        1    ##.....
 Call Imp                 Summ           #.......     100%        2    ###....
 Regeneration             Chrm/Necr      #.........   100%        3    ####...
 Tukima's Dance           Hex            #.......     100%        3    ####...
 Spider Form              Tmut/Pois      #.........   100%        3    ####...
 Blade Hands              Tmut           #.........   100%        5    ######.
 Ice Form                 Ice/Tmut       #.......     100%        4    #####..
 Confusing Touch          Hex            #.....       100%        1    ##.....
 Sticks to Snakes         Tmut           #.......     100%        2    ###....
 Ensorcelled Hibernation  Hex/Ice        #.....       100%        2    ###....
 Summon Butterflies       Summ           #.......     100%        1    ##.....
 Corona                   Hex            #......      100%        1    ##.....
 Alistair's Intoxication  Tmut/Pois      #.......     100%        5    ######.
 Portal Projectile        Hex/Tloc       #.....       100%        3    ####...
 Leda's Liquefaction      Hex/Erth       #.........   100%        4    #####..
 Shroud of Golubria       Chrm/Tloc      #.........   100%        2    ###....
 Inner Flame              Hex/Fire       #.......     100%        3    ####...
 Beastly Appendage        Tmut           #.....       100%        1    ##.....
 Fulminant Prism          Conj/Hex       #.........   100%        4    #####..
 Dazzling Spray           Conj/Hex       #.....       100%        3    ####...
 Force Lance              Conj/Tloc      #.......     100%        4    #####..
 Infusion                 Chrm           #...         100%        1    ##.....
 Song of Slaying          Chrm           #.......     100%        2    ###....
 Spectral Weapon          Hex/Chrm       #.......     100%        3    ####...
 Searing Ray              Conj           #.....       100%        2    ###....
 Lesser Beckoning         Tloc           #.........   100%        3    ####...


Dungeon Overview and Level Annotations

Branches:
Dungeon (12/15)            Temple (0/1) D:5            Lair (6/6) D:11
 Shoals (0/4) Lair:3        Snake (0/4) Lair:3          Orc (0/2) D:10
  Slime: Lair:5-6

Altars:
Cheibriados
Fedhas
Gozag
Sif Muna
Vehumet
Xom
Zin
The Shining One
Beogh

Shops:
D:4 *   D:5 **%   D:12 }!=!=

Annotations:
Lair:6 Rupert


Innate Abilities, Weirdness & Mutations

You reflexively headbutt those who attack you in melee.
You have a pair of horns on your head.


Message History

Rupert is heavily wounded.
You slash Rupert! You burn Rupert. You headbutt Rupert.
Rupert is heavily wounded.
You block Rupert's attack.
You completely miss Rupert.
Rupert is heavily wounded.
You block Rupert's attack.
You hit Rupert. You burn Rupert. You headbutt Rupert!
Rupert is severely wounded.
Rupert hits you with a battleaxe of draining!!
You hit Rupert. You burn Rupert.
Rupert is severely wounded.
Rupert hits you with a battleaxe of draining!!
* * * LOW HITPOINT WARNING * * *
You feel very mighty all of a sudden. Rupert hits you but does no damage.
You slash Rupert! You burn Rupert. You headbutt Rupert!
Rupert is severely wounded.
Rupert hits you with a battleaxe of draining!!
You die...

.≈..####.. ≈≈...≈≈...
≈≈≈≈.....###
≈≈≈≈≈......#
≈≈≈≈≈≈..≈..##
≈≈≈≈≈≈.....P#
≈≈≈≈≈≈≈≈..###
≈≈≈≈≈≈≈P†@..#
≈≈≈≈≈≈≈≈..@.#
≈≈≈≈≈†≈.≈..P##
P.≈≈≈≈≈≈.P...#
≈≈≈≈≈≈≈≈≈...##
≈≈≈≈≈≈≈≈....#
P≈#≈≈≈≈≈≈#††##
#≈.#≈≈.#.†.####
####≈#.#.....P######
...
#####.....P#..#.##....


You could see Rupert (berserk).

Vanquished Creatures
  A frost giant (IceCv)
  Gastronok (Lair:3)
  Josephine (D:10)
  Harold (Lair:4)
  5 hydras
  Fannar (D:10)
  Erica (D:9)
  The ghost of SakhabievAskhat the Martial Artist, a journeyman GnTm of Cheibriados (D:10)
  4 two-headed ogres
  A death yak (IceCv)
  Urug (Lair:2)
  Pikel (D:7)
  An ugly thing (D:12)
  A cyclops (D:11)
  Joseph (D:9)
  An ice statue (IceCv)
  A guardian serpent (Lair:3)
  Psyche (D:8)
  11 spiny frogs
  4 gargoyles (D:9)
  A centaur skeleton (D:11)
  4 komodo dragons
  An efreet (D:10)
  4 trolls
  The ghost of Soeti the Ruffian, a novice VSMo (D:6)
  11 polar bears
  Prince Ribbit (D:9)
  2 tyrant leeches (Lair:6)
  27 blink frogs
  7 dream sheep (Lair:4)
  4 hippogriffs
  A meliai zombie (D:10)
  A shadow (D:11)
  6 wraiths
  47 yaks
  2 wyverns (D:8)
  2 basilisks
  Grum (D:9)
  2 steam dragons
  4 vampire mosquitoes (Lair:6)
  8 water moccasins
  2 soldier ants (D:12)
  16 porcupines
  2 sky beasts
  A slave (D:7)
  11 orc warriors
  3 ice beasts
  2 necrophages
  A black bear (D:10)
  7 ogres
  30 wolves
  7 centaurs
  3 phantoms
  8 crocodiles
  2 big kobolds
  A wyvern zombie (D:8)
  25 bullfrogs
  5 scorpions
  9 killer bees
  14 wights
  2 vampire bats (Lair:3)
  2 electric eels (Lair:6)
  6 howler monkeys
  2 bullfrog zombies
  2 crimson imps (D:12)
  A quasit (D:12)
  7 hounds
  3 centaur zombies
  5 orc priests
  3 jellies
  10 orc wizards
  Natasha (thrice) (D:3)
  5 iguanas
  10 worker ants
  3 hound skeletons
  2 worker ant zombies (D:10)
  14 adders
  A gnoll (D:1)
  A howler monkey skeleton (D:9)
  6 shadow imps
  An adder zombie (D:9)
  2 adder skeletons
  7 worms
  2 dart slugs (D:1)
  3 leopard geckos
  46 orcs
  4 ball pythons
  15 bats
  5 giant cockroaches
  8 goblins
  13 hobgoblins
  10 jackals
  4 quokkas
  A ball python zombie (D:5)
  6 frilled lizards
  17 kobolds
  A leopard gecko skeleton (D:8)
  A quokka skeleton (D:5)
  10 rats
570 creatures vanquished.

Vanquished Creatures (others)
  A polar bear (IceCv)
  A centaur (D:12)
  An orc (D:11)
  2 fungi
  18 plants
23 creatures vanquished.

Grand Total: 593 creatures vanquished

Notes
Turn   | Place    | Note
-------+----------+-------------------------------------------
     0 | D:1      | George the Minotaur Fighter began the quest for the Orb.
     0 | D:1      | Reached XP level 1. HP: 19/19 MP: 0/0
    68 | D:1      | Reached skill level 3 in Long Blades
    71 | D:1      | Reached XP level 2. HP: 23/26 MP: 1/1
   121 | D:1      | Reached skill level 4 in Long Blades
   179 | D:1      | Reached XP level 3. HP: 31/31 MP: 2/2
   648 | D:2      | Reached skill level 5 in Long Blades
   876 | D:2      | Reached XP level 4. HP: 34/39 MP: 3/3
   957 | D:2      | Noticed an ogre
   973 | D:2      | Killed an ogre
   973 | D:2      | Reached skill level 6 in Long Blades
   973 | D:2      | Reached XP level 5. HP: 5/45 MP: 4/4
  1270 | D:2      | Found a radiant altar of Vehumet.
  1551 | D:2      | Found a glowing golden altar of the Shining One.
  1554 | D:2      | Became a worshipper of the Shining One
  1745 | D:3      | Noticed Natasha
  1759 | D:3      | Killed Natasha
  1841 | D:3      | Noticed Natasha
  1848 | D:3      | Killed Natasha
  1848 | D:3      | Reached skill level 1 in Dodging
  1968 | D:3      | Noticed Natasha
  1974 | D:3      | Killed Natasha
  1974 | D:3      | Reached XP level 6. HP: 48/52 MP: 5/5
  1999 | D:3      | Reached skill level 1 in Invocations
  2276 | D:3      | Reached * piety under the Shining One
  2454 | D:4      | Reached skill level 7 in Long Blades
  2659 | D:4      | Reached XP level 7. HP: 12/60 MP: 7/7
  2880 | D:4      | Found Rebbox's General Store.
  2883 | D:4      | Bought a scroll of remove curse for 30 gold pieces
  2883 | D:4      | Bought a potion of degeneration for 10 gold pieces
  2883 | D:4      | Bought a scroll of fear for 35 gold pieces
  2883 | D:4      | Bought a scroll of identify for 20 gold pieces
  2984 | D:5      | Entered Level 5 of the Dungeon
  3148 | D:5      | Found a staircase to the Ecumenical Temple.
  3151 | D:5      | Noticed a troll
  3247 | D:5      | Killed a troll
  3247 | D:5      | Reached skill level 5 in Fighting
  3247 | D:5      | Reached skill level 5 in Armour
  3247 | D:5      | Reached skill level 5 in Shields
  3543 | D:5      | Found Faeffico's Assorted Antiques.
  3548 | D:5      | Bought a scroll labeled XUPAER KENAYMI for 25 gold pieces
  3548 | D:5      | Bought a scroll labeled YRRANI WIZXOAD for 25 gold pieces
  3705 | D:5      | Found a glowing silver altar of Zin.
  3716 | D:5      | Reached XP level 8. HP: 68/68 MP: 9/9
  3741 | D:5      | Found Itutue's Food Shop.
  3841 | D:5      | Found a snail-covered altar of Cheibriados.
  3896 | D:5      | Found Naric's Assorted Antiques.
  3905 | D:5      | Bought a glowing amethyst potion for 26 gold pieces
  3905 | D:5      | Bought a scroll of identify for 58 gold pieces
  3905 | D:5      | Bought a scroll labeled BORIOCH FYJUTU for 29 gold pieces
  4028 | D:6      | Reached ** piety under the Shining One
  4059 | D:6      | Noticed Soeti's ghost (novice VSMo)
  4068 | D:6      | Killed Soeti's ghost
  4068 | D:6      | Reached skill level 8 in Long Blades
  4690 | D:7      | Reached XP level 9. HP: 62/74 MP: 11/11
  4762 | D:7      | Noticed Pikel
  4775 | D:7      | Killed Pikel
  4794 | D:7      | Found an opulent altar of Gozag.
  4829 | D:7      | Reached skill level 5 in Dodging
  4917 | D:7      | Reached skill level 9 in Long Blades
  5452 | D:8      | Reached skill level 5 in Invocations
  5485 | D:8      | Reached *** piety under the Shining One
  5609 | D:8      | Reached XP level 10. HP: 85/85 MP: 11/13
  5648 | D:8      | Noticed Psyche
  5651 | D:8      | Killed Psyche
  5709 | D:8      | Found a shimmering altar of Xom.
  5709 | D:8      | Found a shimmering altar of Xom.
  5710 | D:8      | Found a shimmering altar of Xom.
  5710 | D:8      | Found a shimmering altar of Xom.
  5710 | D:8      | Found a shimmering altar of Xom.
  5710 | D:8      | Found a shimmering altar of Xom.
  5711 | D:8      | Found a shimmering altar of Xom.
  5711 | D:8      | Found a shimmering altar of Xom.
  5835 | D:8      | Noticed a black mamba
  5852 | D:8      | Noticed a harpy
  5897 | D:8      | Noticed a salamander
  5897 | D:8      | a komodo dragon changed into a salamander
  5993 | D:8      | Found a deep blue altar of Sif Muna.
  6187 | D:9      | Found a blossoming altar of Fedhas.
  6286 | D:9      | Noticed Prince Ribbit
  6290 | D:9      | Killed Prince Ribbit
  6363 | D:9      | Noticed Grum
  6378 | D:9      | Killed Grum
  6499 | D:9      | Reached skill level 10 in Long Blades
  6516 | D:9      | Reached **** piety under the Shining One
  6553 | D:9      | Noticed Erica
  6566 | D:9      | Killed Erica
  6701 | D:9      | Noticed Joseph
  6717 | D:9      | Killed Joseph
  6831 | D:9      | Noticed a gargoyle
  6838 | D:9      | Killed a gargoyle
  6838 | D:9      | Reached XP level 11. HP: 94/94 MP: 10/14
  7169 | D:10     | Entered Level 10 of the Dungeon
  7400 | D:10     | Noticed a two-headed ogre
  7458 | D:10     | Killed a two-headed ogre
  7672 | D:10     | Found a staircase to the Orcish Mines.
  7693 | D:10     | Found a roughly hewn altar of Beogh.
  7748 | D:10     | Noticed SakhabievAskhat's ghost (journeyman GnTm)
  7770 | D:10     | Killed SakhabievAskhat's ghost
  8143 | D:10     | Reached skill level 11 in Long Blades
  8382 | D:10     | Noticed a two-headed ogre
  8382 | D:10     | Reached ***** piety under the Shining One
  8385 | D:10     | Killed a two-headed ogre
  8965 | D:11     | Noticed Josephine
  8975 | D:11     | Noticed Fannar
  8978 | D:10     | Killed Josephine
  8978 | D:10     | Reached skill level 10 in Fighting
  8978 | D:10     | Reached skill level 10 in Armour
  9184 | D:10     | Reached XP level 12. HP: 105/105 MP: 16/16
  9214 | D:10     | Killed Fannar
  9432 | D:11     | Reached skill level 10 in Shields
  9434 | D:11     | Found a staircase to the Lair.
  9549 | D:11     | Noticed a two-headed ogre
  9556 | D:11     | Killed a two-headed ogre
  9967 | D:12     | Found Kusk's Jewellery Shoppe.
  9987 | D:12     | Found Laeplot's Distillery.
 10039 | D:12     | Bought a potion of heal wounds for 75 gold pieces
 10039 | D:12     | Bought a potion of heal wounds for 75 gold pieces
 10039 | D:12     | Bought a potion of heal wounds for 75 gold pieces
 10059 | D:12     | Noticed a two-headed ogre
 10067 | D:12     | Killed a two-headed ogre
 10088 | D:12     | Found Isad Bifra's Distillery.
 10096 | D:12     | Bought a potion of curing for 42 gold pieces
 10096 | D:12     | Bought a potion of curing for 42 gold pieces
 10138 | D:12     | Found Plog's Jewellery Boutique.
 10351 | D:12     | Reached skill level 12 in Long Blades
 10353 | D:12     | Found Vaenizepp's Gadget Shoppe.
 10491 | Lair:1   | Entered Level 1 of the Lair of Beasts
 10519 | Lair:1   | Found a frozen archway.
 10530 | IceCv    | Entered an ice cave
 11010 | IceCv    | Reached XP level 13. HP: 98/115 MP: 18/18
 11176 | IceCv    | Noticed a frost giant
 11208 | IceCv    | HP: 4/115 [frost giant/battleaxe of freezing (23)]
 11210 | IceCv    | Killed a frost giant
 11213 | IceCv    | Reached skill level 10 in Dodging
 12647 | Lair:2   | Noticed Urug
 12669 | Lair:2   | Killed Urug
 12744 | Lair:2   | Reached ****** piety under the Shining One
 13485 | Lair:3   | Noticed Gastronok
 13575 | Lair:3   | Killed Gastronok
 13575 | Lair:3   | Reached skill level 13 in Long Blades
 13853 | Lair:3   | Found a staircase to the Snake Pit.
 13887 | Lair:3   | Found a staircase to the Shoals.
 14598 | Lair:4   | Reached XP level 14. HP: 78/126 MP: 20/20
 14605 | Lair:4   | Reached skill level 10 in Invocations
 14871 | Lair:4   | Noticed Harold
 14889 | Lair:4   | Killed Harold
 15881 | Lair:5   | Identified 2 scrolls of acquirement
 16179 | Lair:6   | Entered Level 6 of the Lair of Beasts
 16411 | Lair:6   | Noticed Rupert
 16430 | Lair:6   | Mangled by Rupert

Vault maps used:
D:1:      dpeg_arrival_pits, minmay_cupped
D:2:      tso_oasis_becter, vehumet_crystals, first_ration
D:3:      kb_forest_paths, hangedman_decor_clover_reticule, uniq_natasha
D:4:      serial_curves, eino_curves_02, eino_curves_02, eino_curves_01,
          serial_shops, nicolae_shop_behind_doors, st_stairs_4
D:5:      lemuel_crystal_altar, minmay_temple_entry_grid, serial_shops,
          nicolae_shop_overgrown_old_shop, shop, kennysheep_mini,
          chei_slow_surprise
D:7:      grunt_gozag_breadcrumbs, uniq_pikel
D:8:      xom_shifter_show, lemuel_blue_sif_altar, grunt_pizzeria, uniq_psyche
D:9:      cheibrodos_statue_roulette, lemuel_round_altar, uniq_joseph,
          uniq_prince_ribbit1, uniq_erica, uniq_grum
D:10:     david_orc_5
D:11:     lair_entry_dummy, uniq_josephine, uniq_fannar
D:12:     serial_glass, glass_columns_a, glass_columns_b, serial_shops,
          shop_fountains, shop, shop, shop_statue, shop, fountainhead
Lair:1:   portal_ice_cave_entry_pillars_2, serial_bayou_shore_b,
          infiniplex_staircase_pool
Lair:2:   beast_lair_carwin_3, uniq_urug
Lair:3:   minmay_shoals_entry_centaurs, minmay_snake_entry_spellcaster,
          roderic_batcave, grunt_megastairs_2, uniq_gastronok
Lair:4:   uniq_harold
Lair:5:   grunt_megastairs_3
Lair:6:   minmay_lair_end_frog_pond, nicolae_slime_entry_slimehenge, uniq_rupert
IceCv:    ice_cave_caverns_01

Skill      XL: |  1  2  3  4  5  6  7  8  9 10 11 12 13 14 |
---------------+-------------------------------------------+-----
Long Blades    | 3 4 5 6 7 8 9 10 11 12 13 | 13.6
Armour         | 4 5 6 7 8 10 11 12 | 12.6
Dodging        | 1 2 3 4 5 7 8 9 10 11 | 11.2
Shields        | 4 5 6 7 8 9 11 12 | 12.5
Fighting       | 4 5 6 7 8 10 11 12 | 12.7
Invocations    | 1 3 4 5 6 7 8 9 10 | 10.4

Action                   |  1- 3 |  4- 6 |  7- 9 | 10-12 | 13-15 || total
-------------------------+-------+-------+-------+-------+-------++-------
Melee: Long sword        |   116 |   146 |   283 |   117 |       ||   662
       Headbutt          |    12 |    25 |    67 |   190 |   167 ||   461
       Scimitar          |       |       |       |   581 |   614 ||  1195
       Falchion          |       |       |       |    20 |       ||    20
       Unarmed           |       |       |       |       |     7 ||     7
Invok: Divine Shield     |       |       |       |     3 |     3 ||     6
Evoke: Wand              |       |       |       |     3 |     6 ||     9
  Use: Scroll            |       |       |     6 |     7 |     3 ||    16
       Potion            |       |       |       |     1 |     2 ||     3
  Eat: Chunk             |       |     6 |    10 |    15 |    15 ||    46
       Ration            |       |       |       |     1 |     1 ||     2
Armor: Chain mail        |    67 |    42 |    49 |   105 |    10 ||   273
       Plate armour      |       |       |    19 |    42 |       ||    61
       Shadow dragon sca |       |       |       |       |    80 ||    80
Dodge: Dodged            |    17 |    29 |    75 |   254 |   176 ||   551
Block: Shield            |    65 |   106 |   179 |   549 |       ||   899
       Reflection        |       |       |     4 |    16 |     6 ||    26
       Large shield      |       |       |       |    24 |   603 ||   627
       Other             |       |       |       |       |     1 ||     1
       Rpst.: Long sword |     3 |     8 |    24 |    11 |       ||    46
       Scimitar          |       |       |       |    48 |    33 ||    81
       Falchion          |       |       |       |     1 |       ||     1

Table legend:
 A = Spawn XP
 B = Non-spawn XP
 C = Spawn XP percentage of total XP
 D = Spawn monster count
 E = Non-spawn monster count
 F = Spawn count percentage of total count
 G = Total turns spent on level
                    A         B        C        D         E        F      G
               +---------+---------+-------+---------+---------+-------+---------
         Total |       0 |   81167 |   0.0 |       0 |     571 |   0.0 | 16430
               +---------+---------+-------+---------+---------+-------+---------
           D:1 |       0 |      70 |   0.0 |       0 |      33 |   0.0 |   626
           D:2 |       0 |     158 |   0.0 |       0 |      15 |   0.0 |   967
           D:3 |       0 |     255 |   0.0 |       0 |      34 |   0.0 |   789
           D:4 |       0 |     407 |   0.0 |       0 |      16 |   0.0 |   602
           D:5 |       0 |     723 |   0.0 |       0 |      20 |   0.0 |  1034
           D:6 |       0 |     786 |   0.0 |       0 |       9 |   0.0 |   563
           D:7 |       0 |    1705 |   0.0 |       0 |      23 |   0.0 |   760
           D:8 |       0 |    2447 |   0.0 |       0 |      35 |   0.0 |   824
           D:9 |       0 |    5949 |   0.0 |       0 |      47 |   0.0 |  1004
          D:10 |       0 |   10382 |   0.0 |       0 |      76 |   0.0 |  2238
          D:11 |       0 |    3837 |   0.0 |       0 |      19 |   0.0 |   578
          D:12 |       0 |    4736 |   0.0 |       0 |      35 |   0.0 |   506
        Lair:1 |       0 |    1646 |   0.0 |       0 |       9 |   0.0 |   796
        Lair:2 |       0 |    8272 |   0.0 |       0 |      32 |   0.0 |  1056
        Lair:3 |       0 |    6573 |   0.0 |       0 |      34 |   0.0 |   781
        Lair:4 |       0 |    8099 |   0.0 |       0 |      32 |   0.0 |   992
        Lair:5 |       0 |    2188 |   0.0 |       0 |      10 |   0.0 |   866
        Lair:6 |       0 |   10282 |   0.0 |       0 |      40 |   0.0 |   251
         IceCv |       0 |   12652 |   0.0 |       0 |      52 |   0.0 |  1197
               +---------+---------+-------+---------+---------+-------+---------
